 Dungeon Crawl Stone Soup version 0.30-a0-364-gf6b3ef1049 (webtiles) character file.

Game seed: 6495874020415759421

588 Ijustatesigmund the Firebug (level 7, -10/38 HPs)
             Began as a Deep Elf Fire Elementalist on Nov 16, 2022.
             Was an Initiate of Makhleb.
             Mangled by an ice beast (12 damage)
             ... on level 5 of the Dungeon.
             The game lasted 00:07:13 (4719 turns).

Ijustatesigmund the Firebug (DEFE)                  Turns: 4719, Time: 00:07:14

Health: -10/38     AC:  3    Str:  5    XL:     7   Next: 15%
Magic:  10/17      EV: 12    Int: 22    God:    Makhleb [......]
Gold:   161        SH:  0    Dex: 15    Spells: 14/17 levels left

rFire   . . .      SeeInvis .    c - +2 whip (vamp)
rCold   . . .      Faith    .    (no shield)
rNeg    . . .      Spirit   .    a - +0 robe
rPois   .          Reflect  .    (no helmet)
rElec   .          Harm     .    (no cloak)
rCorr   .          Rampage  .    (no gloves)
Will    .....                    o - +0 pair of boots
Stlth   ++........               (no amulet)
HPRegen 0.26/turn                (no ring)
MPRegen 0.15/turn                (no ring)

@: no status effects
A: no striking features
a: Renounce Religion


You were on level 5 of the Dungeon.
You worshipped Makhleb.
Makhleb was noncommittal.
You visited 2 branches of the dungeon, and saw 6 of its levels.

You collected 161 gold pieces.

Inventory:

Hand Weapons
 c - a +2 vampiric whip (weapon)
 d - a +1 trident of distortion
Armour
 a - a +0 robe (worn)
 o - a +0 pair of boots (worn)
Wands
 x - a wand of light (13)
 y - a wand of digging (3)
Scrolls
 e - a scroll of poison {unknown}
 f - 3 scrolls of identify
 g - a scroll of fog {unknown}
 j - a scroll of teleportation {unknown}
 k - 2 scrolls of silence {unknown}
 l - a scroll of blinking {unknown}
 n - a scroll of summoning {unknown}
 q - a scroll of amnesia {unknown}
 r - a scroll of vulnerability {unknown}
 v - a scroll of enchant weapon {unknown}
 w - a scroll of enchant armour {unknown}
 B - a scroll of magic mapping {unknown}
 D - a scroll of acquirement {unknown}
Potions
 b - 2 potions of magic
 h - 2 potions of ambrosia
 i - 2 potions of attraction
 m - a potion of curing
 p - a potion of might
 t - 2 potions of haste
 u - a potion of berserk rage {unknown}
 z - a potion of brilliance {unknown}
 A - a potion of mutation {unknown}
 C - a potion of flight {unknown}


   Skills:
 - Level 1.2 Fighting
 - Level 2.4 Dodging
 - Level 2.4 Stealth
 + Level 5.8 Spellcasting
 + Level 4.6 Conjurations
 + Level 6.1 Fire Magic
 + Level 0.6 Invocations


You had 14 spell levels left.
You knew the following spells:

 Your Spells              Type           Power      Damage    Failure   Level
a - Foxfire               Conj/Fire      100%       2x1d9     1%          1
b - Scorch                Fire           66%        2d8       1%          2

Your spell library contained the following spells:

 Spells                   Type           Power      Damage    Failure   Level
 Inner Flame              Hex/Fire       19%        N/A       8%          3
 Flame Wave               Conj/Fire      30%        2d9       11%         4
 Kindle Blastsparks       Fire/Tloc/Air  30%        2d12      12%         3
 Borgnjor's Revivificati  Necr           3%         N/A       100%        8
 Necromutation            Tmut/Necr      3%         N/A       100%        8
 Death's Door             Necr           3%         N/A       100%        9


Dungeon Overview and Level Annotations

Branches:
Dungeon (5/15)             Temple (1/1) D:5

Altars:
Ashenzari
Cheibriados
Dithmenos
Elyvilon
Fedhas
Gozag
Hepliaklqana
Kikubaaqudgha
Makhleb
Okawaru
Ru
Trog
Uskayaw
Vehumet
Wu Jian
Yredelemnul
Zin
The Shining One

Shops:
D:3 (


Message History

You climb upwards.
Welcome back to the Dungeon!
There is a staircase to the Ecumenical Temple, spattered with blood here.
Casting: Scorch (safe; 1% risk of failure)
Confirm with . or Enter, or press ? or * to list all spells.
You conjure some foxfire!
Your foxfire dissipates!
Casting: Foxfire (safe; 1% risk of failure)
Confirm with . or Enter, or press ? or * to list all spells.
You conjure some foxfire!
The foxfire hits the ice beast.
The ice beast melts!
The ice beast is moderately wounded.
The foxfire hits the ice beast but does no damage.
The ice beast is moderately wounded.
Casting: Foxfire (safe; 1% risk of failure)
Confirm with . or Enter, or press ? or * to list all spells.
You conjure some foxfire!
The foxfire hits the ice beast.
The ice beast is moderately wounded.
The foxfire hits the ice beast but does no damage.
The ice beast is moderately wounded.
Casting: Foxfire (safe; 1% risk of failure)
Confirm with . or Enter, or press ? or * to list all spells.
Flames lash the ice beast but do no damage.
The ice beast misses you.
The ice beast hits you but does no damage.
Casting: Scorch (safe; 1% risk of failure)
Confirm with . or Enter, or press ? or * to list all spells.
Flames lash the ice beast but do no damage.
The ice beast hits you. The ice beast freezes you!
The ice beast hits you but does no damage.
Casting: Scorch (safe; 1% risk of failure)
Confirm with . or Enter, or press ? or * to list all spells.
Flames lash the ice beast.
The ice beast melts!
The ice beast is heavily wounded.
The ice beast's fire resistance burns away.
The ice beast hits you. The ice beast freezes you!
* * * LOW HITPOINT WARNING * * *
The ice beast hits you.
* * * LOW HITPOINT WARNING * * *
The ice beast freezes you!
You die...

#..... ..... ###....
....... ##.....
........#####..##.#
...............##<#
.........#.#......#
../.....#.#.#..#v§.....#
.......#.#.#.#.#§§..####
........#)@)#....#.##
.......#.#Y#.#.#<..#
........#.#.#.....##
......÷..#.#.....##
#................#
###.......##.....#
.......### .......
#........ ....##
......... ..


You could see an ice beast (combustible).

Vanquished Creatures
  A water moccasin (Temple)
  A black bear (D:4)
  A phantom (D:4)
  2 hounds
  A jelly (D:4)
  An orc priest (D:5)
  2 orc wizards
  An iguana (D:3)
  A gnoll (D:1)
  5 adders
  A dart slug (D:1)
  3 orcs
  A bat (D:1)
  7 endoplasms
  2 giant cockroaches
  3 goblins
  A hobgoblin (D:4)
  8 jackals
  3 quokkas
  13 ball pythons
  2 frilled lizards
  8 kobolds
  5 rats
73 creatures vanquished.

Vanquished Creatures (others)
  172 foxfires
  2 plants (D:2)
174 creatures vanquished.

Grand Total: 247 creatures vanquished

Notes
Turn   | Place    | Note
-------+----------+-------------------------------------------
     0 | D:1      | Ijustatesigmund the Deep Elf Fire Elementalist began the
                  | quest for the Orb.
     0 | D:1      | Reached XP level 1. HP: 10/10 MP: 6/6
    29 | D:1      | Reached XP level 2. HP: 16/16 MP: 2/8
    81 | D:1      | Learned a level 2 spell: Scorch
   632 | D:1      | Reached XP level 3. HP: 20/20 MP: 6/10
   864 | D:1      | Reached skill level 1 in Fighting
  1565 | D:2      | Reached skill level 4 in Fire Magic
  1641 | D:2      | Reached XP level 4. HP: 25/25 MP: 9/11
  2076 | D:3      | Found Elateast's Weapon Shop.
  3227 | D:4      | Reached XP level 5. HP: 29/29 MP: 7/13
  3532 | D:4      | Noticed a phantom
  3552 | D:4      | Reached skill level 5 in Fire Magic
  3560 | D:4      | Killed a phantom
  3561 | D:4      | Reached XP level 6. HP: 16/34 MP: 1/14
  3993 | D:5      | Entered Level 5 of the Dungeon
  3993 | D:5      | Found a staircase to the Ecumenical Temple.
  4015 | D:4      | Reached skill level 5 in Spellcasting
  4037 | Temple   | Entered the Ecumenical Temple
  4220 | Temple   | Became a worshipper of Makhleb the Destroyer
  4243 | D:5      | Noticed a water moccasin
  4407 | Temple   | Killed a water moccasin
  4538 | Temple   | Reached skill level 6 in Fire Magic
  4538 | Temple   | Reached XP level 7. HP: 23/38 MP: 12/17
  4719 | D:5      | Mangled by an ice beast

Illustrated notes

Levels and vault maps discovered:
D:1:      minmay_arrival_wavy_path, layout_basic, minmay_split_cup_large
D:2:      layout_loops_ring, serial_bayou_pond_a, kennysheep_cluttered_room
D:3:      layout_loops_ring, serial_shops, nicolae_shop_bloodbath_and_beyond
D:4:      layout_basic
D:5:      layout_rooms, minmay_temple_entry_grid
Temple:   regret_index_temple_chain_breaker

Skill      XL: |  1  2  3  4  5  6 |
---------------+-------------------+-----
Fighting       | 1 |  1.2
Conjurations   | 2 3 4 |  4.6
Fire Magic     | 4 5 6 |  6.1
Spellcasting   | 4 5 |  5.8
Dodging        | |  2.4
Stealth        | |  2.4
Invocations    | |  0.6

Action                   |  1- 3 |  4- 6 |  7- 9 || total
-------------------------+-------+-------+-------++-------
Melee: Whip              |       |     4 |     1 ||     5
 Cast: Foxfire           |    58 |    43 |     3 ||   104
       Scorch            |     3 |    30 |    10 ||    43
  Use: Scroll            |       |     7 |       ||     7
       Potion            |       |     3 |     1 ||     4
Armor: Robe              |     5 |    15 |     3 ||    23
Dodge: Dodged            |    17 |    37 |    16 ||    70

Table legend: (Time is in decaauts)
 A = Elapsed time spent in this place.
 B = Non-inter-level travel time spent in this place.
 C = Inter-level travel time spent in this place.
 D = Time resting spent in this place.
 E = Time spent auto-exploring this place.
 F = Levels seen in this place.
 G = Mean time per level.
                   A        B        C        D        E       F      G
               +--------+--------+--------+--------+--------+-----+--------+
         Total |   4724 |   4514 |    210 |    881 |   3044 |   6 |  787.3 |
       Dungeon |   4162 |   3973 |    189 |    535 |   2889 |   5 |  832.4 |
        Temple |    561 |    540 |     21 |    346 |    155 |   1 |  561.0 |
               +--------+--------+--------+--------+--------+-----+--------+

Top non-repeatable levels by time:
     D:2: 1108 daAuts
     D:4: 1068 daAuts
     D:1: 960 daAuts
     D:3: 871 daAuts
  Temple: 561 daAuts
     D:5: 153 daAuts
